cohdb
Replays
Latest Replays
All Replays
Popular Replays
Top Player Replays
Match Explorer
How It Works
Community
CoH3 Stats
Reddit
Sign in to upload your games and track your stats! →
Sign in with Steam
Match 43058129
Unlisted
Match 43058129
Overview
Messages
Build Orders
End
Kradschützen Motorcycle Team
Selects Armored Support Battlegroup
Panzerpioneer Squad
Panzergrenadier Squad
250 Light Carrier
Panzergrenadier Squad
Construct Light Support Kompanie
Selects Superior Fire Drills
Combat Half-tracks
Fire Support Elements
Flakvierling Half-track
Panzerjäger Mechanized Group
Assault Grenadier Squad
Vehicle Survival Package
2.5-tonne Medical Truck
Selects Flammpanzer III Medium Tank
Pak 38 Mechanized Group
Veteran Squad Leaders
Construct Panzerarmee Kommand
Selects Command Panzer IV F Medium Tank
Walking Stuka Rocket Launcher
Armored Reserves
Panzer IV Assault Group
Trion
junkmail
0
0
Comments
sign in to comment!
No comments posted yet!